 Dungeon Crawl Stone Soup version 0.17-a0-1778-gd369669 (webtiles) character file.

49 luca467 the Digger (level 3, 0/19 HPs)
             Began as a Gargoyle Earth Elementalist on Sept 8, 2015.
             Slain by an adder (2 damage)
             ... on level 2 of the Dungeon on Sept 9, 2015.
             The game lasted 00:15:29 (1552 turns).

luca467 the Digger (Gargoyle Earth Elementalist)    Turns: 1552, Time: 00:15:29

Health: 0/19       AC:  6    Str: 11    XL:     3   Next: 75%
Magic:  7/7        EV: 12    Int: 16    God:
Gold:   166        SH:  0    Dex: 10    Spells: 1 memorised, 7 levels left

rFire  . . .     SeeInvis .     k - +0 dagger
rCold  . . .     Clarity  .     b - +0 robe
rNeg   + . .     SustAt   .     (no shield)
rPois  ∞         Gourm    .     g - +0 helmet
rElec  +         Spirit   .     (no cloak)
rCorr  .         Warding  .     (no gloves)
rMut   .         Stasis   .     (no boots)
MR     .....                    (no amulet)
Stlth  ++........               (no ring)
                                (no ring)

@: not resistant to hostile enchantments, unstealthy
A: negative energy resistance 1, electricity resistance, unbreathing,
petrification resistance, rot immunity, AC +3
a: no special abilities


You were on level 2 of the Dungeon.
You were not hungry.

You visited 1 branch of the dungeon, and saw 2 of its levels.

You collected 166 gold pieces.

Inventory:

Hand weapons
 k - a +0 dagger (weapon)
Missiles
 a - 78 stones (quivered)
Armour
 b - a +0 robe (worn)
 e - a +0 robe
 g - a +0 helmet (worn)
Scrolls
 f - 3 scrolls of identify
 i - a scroll of remove curse
 m - a scroll of noise {unknown}
 o - a scroll of enchant weapon {unknown}
 p - a scroll of teleportation {unknown}
Potions
 j - a potion of ambrosia {unknown}
 l - a potion of brilliance {unknown}
 n - a potion of heal wounds {unknown}
 q - a potion of flight {unknown}
Books
 c - a book of Geomancy

   Spells                             Type                      Level
   a - Sandblast                      Earth                        1
   b - Stoneskin                      Transmutation/Earth          2
   c - Passwall                       Transmutation/Earth          3
   d - Stone Arrow                    Conjuration/Earth            3
   e - Petrify                        Transmutation/Earth          4
   f - Lee's Rapid Deconstruction     Earth                        5
Comestibles
 d - a bread ration


   Skills:
 - Level 1.5 Dodging
 - Level 2.1 Stealth
 * Level 3.2 Spellcasting
   Level 0.7 Transmutations
 + Level 4.3 Earth Magic


You had 7 spell levels left.
You knew the following spells:

 Your Spells              Type           Power        Failure   Level  Hunger
a - Sandblast             Erth           ###...       3%          1    None


Dungeon Overview and Level Annotations

Branches:
Dungeon (2/15)

Altars:


Innate Abilities, Weirdness & Mutations

You are resistant to torment.
Your stone body is resilient (AC +3).
You are immune to poison.
You resist negative energy.
You are resistant to electric shocks.
You can survive without breathing.
You are immune to petrification.
You are immune to rotting.


Message History

The adder closely misses you. The adder misses you.
The adder barely misses you. The adder closely misses you.
The adder barely misses you. The adder barely misses you. The adder misses you.
The adder barely misses you. The adder bites you but does no damage.
The adder barely misses you. The adder completely misses you.
The adder bites you but does no damage. The adder barely misses you.
The adder bites you.
* * * LOW HITPOINT WARNING * * *
The adder bites you but does no damage. The adder closely misses you.
The adder bites you.
* * * LOW HITPOINT WARNING * * *
The adder closely misses you. The adder barely misses you.
The adder barely misses you. The adder bites you but does no damage.
The adder bites you.
You die...

# #.# #.#.# #......#.#.####
# #.# #.#.# #......#.#.# #
#.# #.#.# #......#.#.# #.#
#.#.####......#.#.# #.#
#...........#.#.# #.#
######.....##.#.# #.########
..............#.#
#..........###############.#
#............S@...#.. #.#
#.########.######.#.# #.#
#.# #....#.#.####.#.# #.#
#.##..........#.# #.#
#.####.#.######.#### #.#
#......#............ ###.#
###############.#### ....#
..........# ###.#
###########


You could see an adder.

Vanquished Creatures
  An adder (D:2)
  An ooze (D:1)
  A worm (D:2)
  A giant gecko (D:1)
  3 bats (D:2)
  5 hobgoblins
  2 quokkas (D:2)
  A giant cockroach (D:2)
  4 giant newts
  4 goblins
  3 jackals (D:2)
  4 kobolds
30 creatures vanquished.

Notes
Turn   | Place    | Note
--------------------------------------------------------------
     0 | D:1      | luca467 the Gargoyle Earth Elementalist began the quest for the Orb.
     0 | D:1      | Reached XP level 1. HP: 10/10 MP: 3/3
   426 | D:1      | Reached XP level 2. HP: 13/15 MP: 0/5
   685 | D:1      | Reached skill level 4 in Earth Magic
   948 | D:2      | Reached XP level 3. HP: 19/19 MP: 0/7
  1552 | D:2      | Slain by an adder

Vault maps used:
D:1:      roderic_chinese_lattice_arrival

Action                   || total
-------------------------++-------
Melee: Unarmed           ||     1
       Spear             ||     4
       Dagger            ||     1
 Cast: Sandblast         ||    55
  Use: Scroll            ||     1
  Eat: Chunk             ||     2
